 Dungeon Crawl Stone Soup version 0.31-a0-200-gbc41564c69 (webtiles) character file.

Game seed: 13152946730478808497

131 qw the Skirmisher (level 4, 0/25 HPs)
             Began as a Deep Elf Hunter on June 25, 2023.
             Slain by a goblin
             ... wielding a +0 dagger
             ... led by Robin
              (3 damage)
             ... on level 3 of the Dungeon.
             The game lasted 00:00:50 (2331 turns).

qw the Skirmisher (Deep Elf Hunter)                 Turns: 2331, Time: 00:00:50

Health: 0/25       AC:  6    Str: 10    XL:     4   Next: 91%
Magic:  6/6        EV: 11    Int: 14    God:
Gold:   90         SH:  0    Dex: 18    Spells: 3/3 levels left

rFire   . . .        Y - +0 shortbow (flame)
rCold   + . .        (shield currently unavailable)
rNeg    . . .        i - +0 ring mail
rPois   .            (no helmet)
rElec   .            g - +0 cloak
rCorr   .            (no gloves)
SInv    .            (no boots)
Will    .....        (no amulet)
Stlth   +            j - ring of protection from cold
HPRegen 0.24/turn    (no ring)
MPRegen 0.10/turn

%: no passive effects
@: about to teleport
A: no striking features
a: no special abilities


You were on level 3 of the Dungeon.
You visited 1 branch of the dungeon, and saw 3 of its levels.

You collected 126 gold pieces.
You spent 36 gold pieces at shops.


   Skills:
 - Level 1.5 Fighting
 + Level 8.3 Ranged Weapons
 - Level 2.4 Dodging
 - Level 1.2 Stealth


You had 3 spell levels left.
You didn't know any spells.
Your spell library was empty.

Inventory:

Hand Weapons
 Y - a +0 shortbow of flaming (weapon)
Armour
 g - a +0 cloak (worn)
 i - a +0 ring mail (worn)
Jewellery
 j - a ring of protection from cold (left hand)
Scrolls
 k - a scroll of identify
 l - a scroll of fear {unknown}
Potions
 a - a potion of resistance {unknown}
 b - a potion of heal wounds {unknown}
 d - 2 potions of magic {unknown}
 e - a potion of invisibility {unknown}
 f - a potion of mutation {unknown}
 h - 2 potions of curing

Dungeon Overview and Level Annotations

Branches:
Dungeon (3/15)

Altars:
Elyvilon

Shops:
D:2 !([(

Annotations:
D:2 2 transporters
D:3 Robin


Message History

You kill the goblin!
The hobgoblin no longer looks unusually strong.
The hobgoblin misses you. Robin misses you.
You shoot an arrow. The arrow barely misses the hobgoblin.
The hobgoblin hits you. Robin hits you but does no damage.
Robin roars a battlecry!
The goblins go into a battle-frenzy!
The hobgoblin barely misses you.
You shoot an arrow. The arrow closely misses the hobgoblin.
The hobgoblin closely misses you. The goblin hits you but does no damage.
Robin hits you from afar with a +0 spear.
You shoot an arrow.
The arrow hits the hobgoblin but does no damage.
The hobgoblin hits you. The goblin hits you but does no damage.
Robin throws the goblin at you! The goblin barely misses you.
You shoot an arrow. The arrow barely misses the goblin.
The goblin no longer looks unusually strong.
The hobgoblin hits you. The goblin closely misses you.
Robin roars a battlecry!
The goblin goes into a battle-frenzy!
The goblin closely misses you.
You shoot an arrow. The arrow hits the goblin.
The arrow burns the goblin.
You kill the goblin!
The hobgoblin hits you. Robin throws the goblin at you!
The goblin hits you but does no damage.
You shoot an arrow. The arrow barely misses the goblin.
The goblin hits you with a +0 dagger. The hobgoblin barely misses you.
Robin hits you from afar with a +0 spear.
The goblin closely misses you. Robin misses you.
The goblin hits you with a +0 club. The goblin hits you with a +0 dagger.
The hobgoblin hits you.
2330 ||| READING scroll of teleportation.
As you read the scroll of teleportation, it crumbles to dust.
You feel strangely unstable. The goblin barely misses you.
The hobgoblin barely misses you. Robin throws the goblin at you!
The goblin hits you but does no damage.
You shoot an arrow. The arrow hits the goblin.
The arrow burns the goblin.
You kill the goblin!
The goblin hits you with a +0 dagger.
You die...

##.....###..
#.....###... .g
#####%####.... gg
##.#.....#..... gg
##..#.....#....# #.
##...'.)...'...##
#g##....#.....#..###
#g#.)...#.....#.###.
#.#@g..####'######..
#g)g..###.....###...
#.#..###.....###....
#.#.###.....###.....
#.####.....###.....#
#. #.....###..[..##
#..####'#######'####
#...................
#######.............


You could see Robin, a hobgoblin (strong) and a goblin (strong).

Vanquished Creatures
  Terence (D:2)
  An adder (D:3)
  2 worms (D:2)
  A dart slug (D:2)
  4 orcs (D:3)
  5 ball pythons
  6 bats
  6 endoplasms
  3 giant cockroaches
  13 goblins
  9 hobgoblins
  6 jackals (D:3)
  7 kobolds
  2 quokkas (D:1)
  4 frilled lizards
  5 rats
75 creatures vanquished.

Notes
Turn   | Place    | Note
-------+----------+-------------------------------------------
     0 | D:1      | qw the Deep Elf Hunter began the quest for the Orb.
     0 | D:1      | Reached XP level 1. HP: 12/12 MP: 3/3
     0 | D:1      | 0 ||| qw: Version: 0.3-a-22-g0ed2b0b
     0 | D:1      | 0 ||| qw: Game counter: 5562
     0 | D:1      | 0 ||| qw: Melee chars always use a shield: true
     0 | D:1      | 0 ||| qw: God list: Okawaru
     0 | D:1      | 0 ||| qw: Allow faded altars: false
     0 | D:1      | 0 ||| qw: Do Orc after clearing Dungeon:15 true
     0 | D:1      | 0 ||| qw: Do second Lair branch before Depths: true
     0 | D:1      | 0 ||| qw: Lair rune preference: random
     0 | D:1      | 0 ||| qw: Goals: Normal
     0 | D:1      | 0 ||| PLANNING D:1-11
   315 | D:1      | Reached skill level 6 in Ranged Weapons
   315 | D:1      | Reached XP level 2. HP: 16/16 MP: 4/4
   880 | D:1      | Reached XP level 3. HP: 20/20 MP: 5/5
   907 | D:1      | 907 ||| UPGRADING to +0 scale mail.
   917 | D:1      | 917 ||| DROPPING +0 leather armour.
   918 | D:1      | 918 ||| UPGRADING to +0 ring mail.
   928 | D:1      | 928 ||| DROPPING +0 scale mail.
   929 | D:1      | 929 ||| UPGRADING to ring of protection from cold.
   930 | D:1      | 930 ||| READING scroll labelled DUIPPO FO QAL.
   931 | D:1      | 931 ||| READING scroll labelled BYEDGH LILIO.
   935 | D:1      | 935 ||| DROPPING scroll of butterflies.
   984 | D:2      | Found Pongorus's Weapon Shoppe.
  1165 | D:2      | Found a transporter.
  1165 | D:2      | Found Tuizitil's Antique Armour Shop.
  1193 | D:2      | Noticed Terence
  1198 | D:2      | Killed Terence
  1199 | D:2      | Reached skill level 7 in Ranged Weapons
  1199 | D:2      | Found Sanod's Weapon Shoppe.
  1204 | D:2      | 1204 ||| SHOPLISTING +2 arbalest of freezing (281 gold,
                  | have 40).
  1242 | D:2      | Reached XP level 4. HP: 25/25 MP: 6/6
  1253 | D:2      | Found a faded altar of an unknown god.
  1359 | D:2      | Found Odwotoub's Distillery.
  1365 | D:2      | 1365 ||| BUYING potion of curing (36 gold).
  1365 | D:2      | Bought a potion of curing for 36 gold pieces
  1365 | D:2      | 1365 ||| SHOPLISTING potion of heal wounds (60 gold, have
                  | 4).
  1365 | D:2      | 1365 ||| SHOPLISTING potion of might (48 gold, have 4).
  1545 | D:2      | Found a transporter.
  1612 | D:2      | 1612 ||| UPGRADING to +0 cloak.
  1617 | D:2      | 1617 ||| READING scroll labelled ZIGITE JOSKOEMAV.
  1618 | D:2      | 1618 ||| READING scroll labelled TAPSEEGUPT.
  1619 | D:2      | 1619 ||| DRINKING 2 fuming yellow potions.
  1724 | D:2      | 1724 ||| DROPPING potion of berserk rage.
  1751 | D:3      | 1751 ||| STAIRDANCE
  2031 | D:3      | Found a white marble altar of Elyvilon.
  2167 | D:3      | 2167 ||| Stepping ~*~*~tactically~*~*~ (outnumbered).
  2184 | D:3      | Reached skill level 8 in Ranged Weapons
  2309 | D:3      | Noticed Robin
  2313 | D:3      | 2313 ||| Stepping ~*~*~tactically~*~*~ (outnumbered).
  2329 | D:3      | HP: 2/25 [hobgoblin[Robin] (5)]
  2330 | D:3      | 2330 ||| READING scroll of teleportation.
  2331 | D:3      | Slain by a goblin

Levels and vault maps discovered:
D:1:      psy_arrival_radial01, layout_basic, grunt_decor_clamped
D:2:      layout_loops_ring, basic_ecumenical_altar, serial_shops,
          nicolae_shop_rolling_square, shop, nicolae_shop_drivethru, shop,
          uniq_terence
D:3:      layout_loops_ring, mainiacjoe_overflow_tiny_flanked,
          minmay_quadrilaterals, uniq_robin

Skill      XL: |  1  2  3  4 |
---------------+-------------+-----
Ranged Weapons | 6 7 8 |  8.3
Fighting       | |  1.5
Dodging        | |  2.4
Stealth        | |  1.2

Action                     |  1- 3 |  4- 6 || total
---------------------------+-------+-------++-------
   Fire: Shortbow          |    83 |   100 ||   183
    Use: Scroll            |     2 |     3 ||     5
         Potion            |       |     1 ||     1
 Armour: Leather armour    |     1 |       ||     1
         Ring mail         |       |    29 ||    29
  Dodge: Dodged            |    17 |    32 ||    49

Table legend:
 A = Non-vault XP
 B = Vault XP
 C = Vault XP percentage of total XP
 D = Non-vault monster count
 E = Vault monster count
 F = Vault count percentage of total count
                 A         B        C        D         E       F
            +---------+---------+-------+---------+---------+-------
      Total |     127 |      63 |  33.2 |      60 |      15 |  20.0
            +---------+---------+-------+---------+---------+-------
        D:1 |      42 |       0 |   0.0 |      25 |       0 |   0.0
        D:2 |      32 |      36 |  52.9 |      14 |       1 |   6.7
        D:3 |      53 |      27 |  33.8 |      21 |      14 |  40.0
            +---------+---------+-------+---------+---------+-------
